Cogmind - Beta 13 @@@ ROGUE MODE // 2024.04.16 @ 11:47:19 Player: SVIT13 Result: Self-destructed Performance ------------- Evolutions (1) 500 Regions Visited (5) 1000 Robots Destroyed (41) 205 Value Destroyed (961) 961 Prototype IDs (2) 40 Alien Tech Used (0) 0 Bonus (219) 219 TOTAL SCORE: 2925 Bonus ------- High Alert Combat Kills 19 Entered Garrisons 200 Cogmind --------- Core Integrity 249/400 Matter 2/300 Energy 160/160 System Corruption 0% Temperature Cool (8) Movement Rolling (80) Location -9/Garrison Parts ------- > --- POWER (1) -------- Light Nuclear Core > --- PROPULSION (3) --- Wheel Wheel > --- UTILITY (3) ------ Small Storage Unit Visual Processing Unit Improved Terrain Scanner > --- WEAPON (2) ------- Light Cannon Rocket Launcher > --- INVENTORY (8) ---- Improved Treads Improved Treads Particle Gun Autogun Grenade Launcher Peak State ------------ > --- POWER ------------ Light Nuclear Core > --- PROPULSION ------- Wheel Wheel Wheel > --- UTILITY ---------- Small Storage Unit Improved Terrain Scanner Shield Generator > --- WEAPON ----------- Autogun Light Cannon > --- INVENTORY -------- Light Ion Engine Improved Treads Improved Treads Improved Heat Sink Particle Gun Grenade Launcher Rocket Launcher [Rating: 16] Favorites ----------- Power Improved Ion Engine Engine Improved Ion Engine Power Core Light Nuclear Core Propulsion Wheel Treads Improved Treads Wheel Wheel Utility Small Storage Unit Device Improved Terrain Scanner Storage Small Storage Unit Processor Visual Processing Unit Protection Light Armor Plating Weapon Grenade Launcher Energy Gun Particle Gun Ballistic Gun Autogun Ballistic Cannon Light Cannon Launcher Grenade Launcher Special Weapon Mining Laser Build | -11 -10 -10 -9 -9 -9 ------- Run | Yrd Mat Min Mat Sto Gar Slots Evolved 2 | . . . 2 . . Power . | . . . . . . Propulsion 1 | . . . 1 . . Utility 1 | . . . 1 . . Weapon . | . . . . . . Parts Attached 45 | 7 5 5 15 13 . Power 4 | 1 . 1 1 1 . Engine 3 | 1 . 1 1 . . Core 1 | . . . . 1 . Reactor . | . . . . . . Propulsion 10 | 2 2 2 2 2 . Treads 2 | . 2 . . . . Leg . | . . . . . . Wheel 8 | 2 . 2 2 2 . Hover . | . . . . . . Flight . | . . . . . . Utility 9 | 2 . 2 2 3 . Device 4 | 1 . . 1 2 . Storage 1 | 1 . . . . . Processor 1 | . . . . 1 . Hackware . | . . . . . . Protection 3 | . . 2 1 . . Artifact . | . . . . . . Weapon 22 | 2 3 . 10 7 . Energy Gun 5 | 2 2 . . 1 . Energy Cannon . | . . . . . . Ballistic Gun 1 | . . . 1 . . Ballistic Cannon 4 | . . . 2 2 . Launcher 10 | . 1 . 6 3 . Special Weapon 2 | . . . 1 1 . Impact Weapon . | . . . . . . Slashing Weapon . | . . . . . . Piercing Weapon . | . . . . . . Special Melee Weapon . | . . . . . . Unidentified Prototypes . | . . . . . . Parts Lost 4 | . . . . 4 . Power . | . . . . . . Propulsion 1 | . . . . 1 . Utility 2 | . . . . 2 . Weapon 1 | . . . . 1 . Highest Loss Streak 2 | . . . . 2 . To Critical Strikes . | . . . . . . Average Slot Usage (%) 96 | . 100 100 98 88 88 Engine 10 | . 14 14 11 3 . Core 1 | . . . . 7 11 Treads 2 | . 20 . . . . Wheel 26 | . 7 27 32 29 22 Device 8 | . 14 . 11 11 11 Storage 12 | . 14 14 11 11 11 Processor 1 | . . . . 6 11 Protection 7 | . . 13 11 . . Energy Gun 6 | . 14 14 1 . . Ballistic Gun 2 | . . . 3 6 . Ballistic Cannon 4 | . . . 8 7 11 Launcher 8 | . 13 14 6 2 11 Naked Turns . | . . . . . . Heaviest Build 23 | 12 15 21 23 19 18 Greatest Support 46 | 20 46 46 30 30 20 Greatest Overweight (x) 1 | . . 1 . . . Average Overweight (x) . | . . . . . . Largest Inventory Capacity 8 | 8 8 8 8 8 8 Average Capacity 7 | 6 8 8 8 8 8 Most Carried 8 | 7 8 8 8 8 5 Average Carried 6 | 4 6 7 7 6 5 Final Capacity 8 | 8 8 8 8 8 8 Final Carried 8 | 7 7 8 8 5 5 Class Distribution -------------------- 93% | Mutant 6% | Scavenger-Mutant Dominant Class ---------------- Mutant | -10/Materials Mutant | -10/Mines Mutant | -9/Materials Mutant | -9/Storage Mutant | -9/Garrison Resources | -11 -10 -10 -9 -9 -9 ----------- Run | Yrd Mat Min Mat Sto Gar Matter Collected 951 | 270 15 145 187 334 . Remotely . | . . . . . . Salvage Created 894 | 151 15 14 328 386 . Parts 73 | 11 1 6 28 27 . Haulers Intercepted 1 | . . . 1 . . Recyclers Shooed . | . . . . . . Parts Field Recycled . | . . . . . . Retrieved Matter . | . . . . . . Parts Self-Destructed . | . . . . . . Prevented . | . . . . . . Kills | -11 -10 -10 -9 -9 -9 ------- Run | Yrd Mat Min Mat Sto Gar Combat Hostiles Destroyed 31 | . . 6 15 10 . Guns 5 | . . . . 5 . Cannons 6 | . . . 3 3 . AOE 20 | . . 6 12 2 . Classes Destroyed 9 | 2 1 1 4 1 . Tunneler 3 | 3 . . . . . Hauler 1 | . . . 1 . . Recycler 2 | 1 . . 1 . . Operator 1 | . . . 1 . . Watcher 3 | . 1 . 1 1 . Swarmer 15 | . . 6 9 . . Grunt 13 | . . . 5 8 . Duelist 1 | . . . 1 . . Sentry 2 | . . . . 2 . Best Kill Streak 7 | 2 1 3 7 3 . Combat Bots Only 6 | . . 3 6 3 . Max Kills in Single Turn 4 | 1 1 2 4 2 . Gunslinging . | . . . . . . Exploded 3 | . . 2 3 2 . Melee . | . . . . . . Uniques/NPCs Destroyed . | . . . . . . Combat | -11 -10 -10 -9 -9 -9 -------- Run | Yrd Mat Min Mat Sto Gar Hostile Shots Fired 126 | . . 18 36 70 2 Missed 34 | . . 3 12 19 . Damage Taken 1061 | . . 147 276 621 17 Core 160 | . . 9 51 100 . Absorbed by Shields 64 | . . . . 58 6 Regen/Repaired (Parts) 356 | . . . 114 242 . Core Remaining (%) 98 | 100 . 96 . . . Volleys Fired 92 | 12 2 9 28 41 . Largest 2 | 2 2 2 2 2 . Hottest 135 | 90 95 95 135 123 . Shots Fired 151 | 24 4 16 44 63 . Gun 74 | 24 2 7 4 37 . Cannon 40 | . . . 23 17 . Launcher 29 | . 2 9 14 4 . Special 8 | . . . 3 5 . Kinetic 79 | . . . 26 53 . Thermal 43 | 24 2 7 4 6 . Explosive 29 | . 2 9 14 4 . Electromagnetic . | . . . . . . Robot Hit Streak 7 | 5 . 2 3 7 . Robot Miss Streak 5 | 5 2 5 4 3 . Penetration Max . | . . . . . . Secondary Targets . | . . . . . . Shots Hit Robots 69 | 12 . 5 15 37 . Core Hits 53 | 5 1 9 24 14 . Critical Kills . | . . . . . . Critical Parts Destroyed . | . . . . . . Critical Strikes 2 | . . . . 2 . Blast 2 | . . . . 2 . Melee Attacks . | . . . . . . Impact . | . . . . . . Slashing . | . . . . . . Piercing . | . . . . . . Sneak Attacks . | . . . . . . Combat Hostiles . | . . . . . . Follow-up Attacks . | . . . . . . Damage Inflicted 2583 | 142 76 470 1053 842 . Guns 532 | 142 . 13 18 359 . Cannons 344 | . . . 165 179 . Explosions 1707 | . 76 457 870 304 . Melee . | . . . . . . Ramming . | . . . . . . Kinetic 707 | . . . 183 524 . Thermal 350 | 142 . 194 . 14 . Explosive 1526 | . 76 276 870 304 . Electromagnetic . | . . . . . . Impact . | . . . . . . Slashing . | . . . . . . Piercing . | . . . . . . Highest Corruption . | . . . . . . Average Corruption . | . . . . . . Corruption Purged . | . . . . . . Corruption Blocked . | . . . . . . Overload Shots . | . . . . . . Overflow Damage 73 | . 7 21 45 . . Projectiles 17 | . . . 17 . . Explosions 56 | . 7 21 28 . . Melee . | . . . . . . Knockbacks 6 | . . . 1 5 . Impact . | . . . . . . Kinetic 5 | . . . 1 4 . Secondary 1 | . . . . 1 . Self-Inflicted Damage 84 | . . 35 49 . . Shots 3 | . . 1 2 . . Rammed . | . . . . . . Targets Rammed . | . . . . . . Kicked . | . . . . . . Crushed . | . . . . . . Highest Temperature 225 | 150 33 225 48 85 . Average Temperature 38 | 55 20 104 17 21 . Received Heat Transfer 311 | . . . 42 261 8 Siege Activations . | . . . . . . Robots Corrupted . | . . . . . . Combat Hostiles . | . . . . . . Parts Fried . | . . . . . . Impact Corruptions . | . . . . . . Robots Melted . | . . . . . . Combat Hostiles . | . . . . . . Parts Melted 1 | 1 . . . . . Heat Transferred 670 | 396 . 237 . 37 . Parts Sabotaged . | . . . . . . Parts Stolen . | . . . . . . Parts Stripped . | . . . . . . Power Chain Reactions . | . . . . . . Alert | -11 -10 -10 -9 -9 -9 ------- Run | Yrd Mat Min Mat Sto Gar Peak Influence 505 | 20 65 177 505 405 126 Initial 137 | . 13 25 51 137 126 Average 168 | 6 28 44 311 278 126 Maximum Alert Level 2 | . . . 2 2 . Low Security (%) 61 | 100 100 100 28 20 100 Level 1 28 | . . . 37 78 . Level 2 10 | . . . 34 . . Level 3 . | . . . . . . Level 4 . | . . . . . . Level 5 . | . . . . . . High Security . | . . . . . . Max Security . | . . . . . . Squads Dispatched 9 | . 2 . 2 5 . Investigation 4 | . . . 2 2 . Extermination . | . . . . . . Reinforcement 2 | . 2 . . . . Assault . | . . . . . . Garrison 3 | . . . . 3 . Intercept . | . . . . . . Searches Triggered . | . . . . . . Construction Impeded . | . . . . . . Haulers Reinforced . | . . . . . . Active Scanning Responses . | . . . . . . Cargo Convoy Interrupts . | . . . . . . Stealth | -11 -10 -10 -9 -9 -9 --------- Run | Yrd Mat Min Mat Sto Gar Distress Signals 3 | . . . 1 2 . Communications Jammed . | . . . . . . Distress Signals . | . . . . . . Times Spotted 52 | . 4 7 21 18 2 Peak Tracking Total 5 | . 1 3 5 5 2 Tactical Retreats 1 | . . 1 . . . Traps | -11 -10 -10 -9 -9 -9 ------- Run | Yrd Mat Min Mat Sto Gar Traps Triggered 1 | . . . . . 1 Indirectly . | . . . . . . Trap Hack Attempts . | . . . . . . Triggered . | . . . . . . Disarmed . | . . . . . . Reprogrammed . | . . . . . . Reused . | . . . . . . Traps Extracted . | . . . . . . Installed . | . . . . . . Triggered . | . . . . . . Machines | -11 -10 -10 -9 -9 -9 ---------- Run | Yrd Mat Min Mat Sto Gar Machines Disabled 12 | . 1 3 5 3 . Max in Single Turn 2 | . 1 2 1 1 . Machines Repaired . | . . . . . . Machines Dismantled . | . . . . . . Machines Sabotaged . | . . . . . . Overloaded Fab Kills . | . . . . . . Hacking | -11 -10 -10 -9 -9 -9 --------- Run | Yrd Mat Min Mat Sto Gar Machines Accessed 10 | . . . 5 5 . Terminals 4 | . . . 2 2 . Fabricators . | . . . . . . Repair Stations 4 | . . . 2 2 . Recycling Units . | . . . . . . Scanalyzers 1 | . . . 1 . . Garrison Access 1 | . . . . 1 . Total Hacks 44 | . . . 26 18 . Successful 36 | . . . 20 16 . Failed 8 | . . . 6 2 . Catastrophic 1 | . . . 1 . . Database Lockouts . | . . . . . . Manual 1 | . . . 1 . . Terminals 13 | . . . 8 5 . Fabricators . | . . . . . . Repair Stations 19 | . . . 8 11 . Recycling Units . | . . . . . . Scanalyzers 10 | . . . 10 . . Garrison Access 2 | . . . . 2 . Terminal Hacks 8 | . . . 3 5 . Prototype ID Bank 1 | . . . . 1 . Alert Level 4 | . . . 2 2 . Unreport Threat 2 | . . . 1 1 . Hauler Manifests 1 | . . . . 1 . Fabricator Hacks . | . . . . . . Repair Station Hacks 17 | . . . 7 10 . Scan Component 9 | . . . 4 5 . Repair 8 | . . . 3 5 . Recycling Unit Hacks . | . . . . . . Scanalyzer 10 | . . . 10 . . Insert Component 5 | . . . 5 . . Analyze 5 | . . . 5 . . Garrison Access Hacks 1 | . . . . 1 . Unlock Access 1 | . . . . 1 . Unauthorized Hacks . | . . . . . . Terminals . | . . . . . . Fabricators . | . . . . . . Repair Stations . | . . . . . . Recycling Units . | . . . . . . Scanalyzers . | . . . . . . Garrison Access . | . . . . . . Data Cores Recovered 1 | . . . 1 . . Used . | . . . . . . Hacking Detections 8 | . . . 4 4 . Full Trace Events 5 | . . . 3 2 . Feedback Events . | . . . . . . Feedback Blocked . | . . . . . . Robot Schematics Acquired . | . . . . . . Robots Built . | . . . . . . Authchips . | . . . . . . Time . | . . . . . . Total Robot Build Rating . | . . . . . . Part Schematics Acquired 5 | . . . 5 . . Parts Built . | . . . . . . Authchips . | . . . . . . Time . | . . . . . . Total Part Build Rating . | . . . . . . Parts Repaired 8 | . . . 3 5 . Time 220 | . . . 78 142 . Parts Recycled . | . . . . . . Recycled Matter . | . . . . . . Retrieved Matter . | . . . . . . Retrieved Components . | . . . . . . Parts Scanalyzed 5 | . . . 5 . . Part Schematics Acquired 5 | . . . 5 . . Parts Damaged . | . . . . . . Bothacking | -11 -10 -10 -9 -9 -9 ------------ Run | Yrd Mat Min Mat Sto Gar Used RIF Installer . | . . . . . . Robots Hacked . | . . . . . . Non-combat . | . . . . . . Combat . | . . . . . . Robot Hacks Applied . | . . . . . . Relay Couplers Released . | . . . . . . Fabnet Peak Effective % . | . . . . . . Robots Rewired . | . . . . . . Allies Hacked . | . . . . . . Hacks Repelled . | . . . . . . Allies | -11 -10 -10 -9 -9 -9 -------- Run | Yrd Mat Min Mat Sto Gar Total Allies . | . . . . . . Largest Group . | . . . . . . Highest-Rated Group . | . . . . . . Highest-Rated Ally . | . . . . . . Total Orders . | . . . . . . Ally Attacks . | . . . . . . Total Damage . | . . . . . . Kills . | . . . . . . Allies Corrupted . | . . . . . . Allies Melted . | . . . . . . Intel | -11 -10 -10 -9 -9 -9 ------- Run | Yrd Mat Min Mat Sto Gar Robot Analysis Total . | . . . . . . Derelict Logs Recovered 2 | . . 2 . . . Drone Launches . | . . . . . . Drone Recoveries . | . . . . . . Exploration | -11 -10 -10 -9 -9 -9 ------------- Run | Yrd Mat Min Mat Sto Gar Turns Passed 1910 | 114 251 563 551 419 12 Spaces Moved 1447 | 73 178 523 413 247 13 Core 3 | 3 . . . . . Treads 111 | . 109 2 . . . Legs . | . . . . . . Wheels 1333 | 70 69 521 413 247 13 Hover . | . . . . . . Flight . | . . . . . . Fastest Speed 50 | 50 80 80 80 80 80 Average Speed 90 | 78 128 93 80 80 80 Slowest Speed 160 | 80 160 160 80 80 80 Overloaded Moves . | . . . . . . Propulsion Burnouts . | . . . . . . Robots Hopped . | . . . . . . Cave-ins Triggered . | . . . . . . Exploration Rate (%) 32 | 4 42 92 26 28 5 Regions Visited 5 Branch Regions 2 Pre-discovered Areas . | . . . . . . Known Exits Taken 1 | . . . . 1 . Unknown Exits Taken 4 | 1 1 1 1 . . Scrap Searched 1 | . . 1 . . . Spaces Dug 3 | . . . 3 . . Terrain Destroyed 209 | . 14 72 82 41 . Melee . | . . . . . . Projectile 5 | . . . 3 2 . AOE 204 | . 14 72 79 39 . Terrain Rammed . | . . . . . . Walls Destroyed . | . . . . . . Machines Disabled . | . . . . . . Actions | -11 -10 -10 -9 -9 -9 --------- Run | Yrd Mat Min Mat Sto Gar Total 1877 | 105 196 581 580 401 14 Wait 239 | . . 34 117 88 . Move 1442 | 72 177 522 412 246 13 Hop . | . . . . . . Pick Up 41 | 14 6 6 6 9 . Fast Attach . | . . . . . . Attach 22 | 7 . 1 6 8 . Detach 1 | . . . 1 . . Swap 23 | . 5 4 9 5 . Drop 16 | . 6 5 1 4 . Fire 92 | 12 2 9 28 41 . Melee . | . . . . . . Ram . | . . . . . . Kick . | . . . . . . Crush . | . . . . . . Escape Stasis 1 | . . . . . 1 Rewire . | . . . . . . Trap . | . . . . . . Miscellaneous . | . . . . . . Route ------- -11/Scrapyard -10/Materials (discovered 2 exits: *Mat / [*Min]) -10/Mines (discovered 2 exits: *Mat x2) -9/Materials (discovered 2 exits: [*Mat] / *Sto) -9/Storage -9/Garrison History --------- Turn | Location | Event 8 | -11/Scrapyard | Discovered new exit (range 16) 115 | -11/Scrapyard | Entered Materials 258 | -10/Materials | Discovered new exit (range 3) 272 | -10/Materials | Discovered new exit (range 15) 310 | -10/Materials | Build established: Mutant 366 | -10/Materials | Entered Mines 395 | -10/Mines | Joined a pair of Derelicts in attacking an 0b10 outpost 479 | -10/Mines | Learned Materials interactive machine intel 525 | -10/Mines | Learned Materials non-interactive machine intel 683 | -10/Mines | Discovered new exit (range 6) 907 | -10/Mines | Discovered new exit (range 9) 929 | -10/Mines | Entered Materials 929 | -9/Materials | Evolved 2 slots: Propulsion x1, Utility x1 930 | -9/Materials | Loaded intel: 40 non-interactive machine locations 931 | -9/Materials | Loaded intel: 18 interactive machine locations 989 | -9/Materials | Repaired Grenade Launcher 1017 | -9/Materials | Repaired Lgt. Armor Plating? 1123 | -9/Materials | Discovered new exit (range 14) 1173 | -9/Materials | Repaired Wheel 1403 | -9/Materials | Discovered new exit (range 11) 1480 | -9/Materials | Entered Storage 1710 | -9/Storage | Identified exit to Garrison 1731 | -9/Storage | Repaired Wheel 1776 | -9/Storage | Repaired Autogun? 1812 | -9/Storage | Repaired Lgt. Cannon 1845 | -9/Storage | Repaired Rocket Launcher 1874 | -9/Storage | Repaired Wheel? 1899 | -9/Storage | Entered Garrison 1911 | -9/Garrison | Triggered checkpoint 1911 | -9/Garrison | Self-destructed Last Messages --------------- 01865_ U-05 Engineer destroyed. 01867_ U-05 Engineer lays Concrete. [Achievement: Oops] 01868_ U-05 Engineer lays Concrete. 01874_ >> REPAIR: Completed Wheel? 01874_ K-01 Serf collects debris. 01877_ Shield Generator destroyed. 01879_ K-01 Serf collects debris. 01883_ U-05 Engineer lays Concrete. 01885_ K-01 Serf collects debris. 01893_ Acquired Autogun. LOCATION=GARRISON GOAL=ESCAPE 01909_ Triggered Stasis Trap. 01909_ A bubble of rippling energy engulfs the area. 01909_ Field strength at 90. 01910_ Field strength at 80. 01911_ Beams of light sweep through the air. An alarm sounds. Map ----- +----------------------------------------------------+ | | | | | | | | | | | | | | | | | | | | | | | | | | | ????????????????????????????????????????????? | | ????????????????????????????????????????????? | | ????????????????????????????????????????????? | | ????????????????????????????????????????????? | | ????????????????????????????????????????????? | | ????????????????????????????????????????????? | | ????????????????????????????????????????????? | | ????????????????????????????????????????????? | | ????????????????????????????????????????????? | | ????????????????????????????????""#?????????? | | ???????????????????########### ##?????????? | | ???????????????????# #?????????? | | ???????????????????# @ #?????????? | | ???????????????????# ### ##### #?????????? | | ???????????????????# #?# gg#???????????????? | | ???????????????????# #?#####???????????????? | | ???????????????????# #?????????????????????? | | ???????????????????# #?????????????????????? | | ???????????????????# #?????????????????????? | | ???????????????????# #?????????????????????? | | ?????????????????### #?????????????????????? | | ?????????????????# #?????????????????????? | | ?????????????????# #?????????????????????? | | ?????????????????# #?????????????????????? | | ?????????????????### #?????????????????????? | | ???????????????????# #?????????????????????? | | ???????????????????# #?????????????????????? | | ???????????????????# #?????????????????????? | | ???????????????????# #?????????????????????? | | ???????????????????# #?????????????????????? | | ???????????????????# #?????????????????????? | | ???????????????????? #?????????????????????? | | ???????????????????? #?????????????????????? | | ???????????????????? #?????????????????????? | | ???????????????????? #?????????????????????? | | ????????????????????###?????????????????????? | | ????????????????????????????????????????????? | +----------------------------------------------------+ Best States ------------- Heat Dissipation 28 Energy Generation 14 Energy Capacity 265 Matter Stores 300 Matter Capacity 300 Sight Range 18 Terrain Scan Range 16 Terrain Scan Density 10 Armor Coverage 150 Evasion (%) 44 Recoil Reduction 2 Item Schematics ----------------- Grenade Launcher | -9/Materials | Scanalyzed Imp. Treads | -9/Materials | Scanalyzed Particle Gun | -9/Materials | Scanalyzed Imp. Heat Sink | -9/Materials | Scanalyzed Rocket Launcher | -9/Materials | Scanalyzed Robot Schematics ------------------ None Fabricated ------------ Nothing Alien Tech Used ----------------- None Achievements -------------- Oops Remodeling Shopping List Challenges ------------ None Game ------ Seed PropulsionWeaponNanovents Manual? 0 Play Time 00:34:05 Cumulative 5.6 hours Start 2024.04.16 @ 11:08:53 End 2024.04.16 @ 11:47:19 Sessions 1 Manual Loads 0 Difficulty Rogue Special Mode None Game No. 8 Rogue 8 Adventurer 0 Explorer 0 Win Type - Total 0 Types 0/0/0/0/0/0/0/0/0 Lore% 4 Gallery% 9 Achievement% 10 Wizard Run 0 Options --------- Layout 1 ASCII 0 Keyboard 0 Movement Mouse Keybinds 0 Fullscreen 0 Font 20/SmallcapsGlow Map View 50x35 Zoom Use 0% Tactical HUD 1 Map Filters NONE Filters NONE Steam 1 RUN: 7c85d092-92fe-4b4c-8f23-37b703044c3d